[Event "Early-Titled-Tuesday-Blitz-April-16-2024"]
[Site "Chess.com"]
[Date "2024.04.16"]
[Round "10"]
[White "McCarthyStone"]
[Black "Roedor"]
[Result "1-0"]
[WhiteElo "2392"]
[BlackElo "2350"]
[TimeControl "180+1"]
[EndTime "9:59:09 PDT"]
[Termination "McCarthyStone won by resignation"]

1. e4 e5 2. Nc3 Nf6 3. Nf3 Nc6 4.
d4 exd4 5. Nd5 Nb4 6. Bc4 Nbxd5 7. exd5 Bb4+ 8. Bd2 Bxd2+ 9. Qxd2 O-O 10. O-O-O c5 11. dxc6 bxc6 12. Qxd4 d5 13. Bd3 Qb6 14. Qxb6 axb6 15.
a3 c5 16. Bb5 Be6 17. Ng5 h6 18. Nxe6 fxe6 19. f3 c4 20. Rhe1 Kf7 21. Rd2 Rfd8 22. Rde2 Rd6 23. Rd1 Ra5 24. Bxc4 Rc5 25. Bb3 g5 26.
Kb1 b5 27. Rd4 Nh5 28. g3 Ng7 29. c3 Nf5 30. Rd1 Kf6 31. Rde1 h5 32. Bc2 Ne7 33. h4 gxh4 34. gxh4 Nf5 35. Bxf5 Kxf5 36. Re5+ Kf4 37. Rxh5 Kxf3 38. Rh6 Rcc6 39. Rf6+ Kg4 40. Rg1+ Kh5 41. Rf8 e5 42. Rh8+ Rh6 43. Rg5+ Kxh4 44. Rxh6+ Rxh6 45. Rxe5 Rd6 46. Kc2 Kg4 47. Kd3 Kf4 48. Kd4 Rc6 49. Rxd5 Rc4+ 50. Kd3 1-0

[Event "Early-Titled-Tuesday-Blitz-April-16-2024"]
[Site "Chess.com"]
[Date "2024.04.16"]
[Round "10"]
[White "ReinisUz"]
[Black "GlavkonVVS"]
[Result "1-0"]
[WhiteElo "2403"]
[BlackElo "2571"]
[TimeControl "180+1"]
[EndTime "9:59:11 PDT"]
[Termination "ReinisUz won by resignation"]

1. c4 Nf6 2. Nc3 c5 3. g3 Nc6 4. Bg2 d6 5. Nf3 e6 6. e3 Be7 7. O-O O-O 8. d4 Bd7 9. b3 a6 10. Bb2 Rc8 11. d5 Na5 12. e4 exd5 13. cxd5 b5 14. Re1 b4 15. Nb1 Bg4 16. Nbd2 Nd7 17.
h3 Bh5 18. Qc2 Bf6 19. Nc4 Nxc4 20. bxc4 Re8 21. Nd2 a5 22. f4 Bxb2 23. Qxb2 f6 24. a4 Nb6 25. e5 fxe5 26. fxe5 dxe5 27. Rxe5 Qf6 28. Rae1 Nxa4 29. Qa1 Rxe5 30. Rxe5 Nc3 31. Qe1 Ne2+ 32. Rxe2 Bxe2 33. Qxe2 a4 34. Ne4 Qd4+ 35. Kh2 b3 36. Nd6 Qf6 37. Nxc8 g6 38. Qe6+ Qxe6 39.
dxe6 a3 40. e7 Kf7 41. Bd5+ Ke8 42. Bc6+ Kf7 43. e8=Q+ 1-0

[Event "Early-Titled-Tuesday-Blitz-April-16-2024"]
[Site "Chess.com"]
[Date "2024.04.16"]
[Round "10"]
[White "jcibarra"]
[Black "atalz0"]
[Result "0-1"]
[WhiteElo "2913"]
[BlackElo "2502"]
[TimeControl "180+1"]
[EndTime "9:59:13 PDT"]
[Termination "atalz0 won by resignation"]

1. a3 d5 2. b4 e5 3. Bb2 Bd6 4. e3 Nf6 5. c4 c6 6. d3 O-O 7.
Nc3 a5 8. c5 axb4 9. axb4 Rxa1 10.
Qxa1 Bc7 11. Nf3 Na6 12. Na2 d4 13. e4 Be6 14. Ba3 Qa8 15. Qb2 Bxa2 16. Qxa2 Nxb4 17. Qd2 Qxa3 18. Be2 Qc3 19. O-O Qxd2 20. Nxd2 Na6 21.
Rc1 Nd7 22. Nb3 Ra8 23. Bg4 Nf6 24. Bd1 Kf8 25. g3 Ke7 26. Kg2 Nd7 27. Bg4 Bb8 28. f4 exf4 29. Nxd4 Naxc5 30. Nf5+ Kf8 31. Rd1 Ra2+ 32. Kh3 g6 33. Nh4 fxg3 34. hxg3 h5 35. Bf3 Ne5 36. Bh1 Ncxd3 37. Rb1 b5 38. Bg2 Nf2+ 39.
Kh2 Neg4+ 40. Kg1 Bxg3 41. Nf3 Bf4 42. Nd4 Be3 43. Nxc6 Nxe4+ 44. Kf1 Ng3+ 45. Ke1 Rxg2 0-1

[Event "Early-Titled-Tuesday-Blitz-April-16-2024"]
[Site "Chess.com"]
[Date "2024.04.16"]
[Round "10"]
[White "chess123456s"]
[Black "lcmil"]
[Result "1-0"]
[WhiteElo "2608"]
[BlackElo "2517"]
[TimeControl "180+1"]
[EndTime "9:59:17 PDT"]
[Termination "chess123456s won by checkmate"]

1. d4 Nf6 2. Nc3 d5 3. Bf4 c5 4. e4 dxe4 5. dxc5 Qa5 6. Qd2 Nc6 7. O-O-O a6 8. Kb1 e5 9. Bg5 Bxc5 10. Bc4 Bf5 11. Bxf6 gxf6 12. Qh6 Be7 13. Nge2 Bg6 14. Ng3 f5 15. Qg7 Rf8 16. h4 Qc5 17. Bb3 Qxf2 18.
Nd5 Rc8 19. Nf1 f4 20. h5 Bf5 21. Nf6+ Bxf6 22. Qxf6 Bd7 23. Qd6 Rd8 24. Nd2 Qxg2 25.
Rhg1 Qe2 26. Rge1 Qb5 27. Nxe4 f5 28. Nf6+ Rxf6 29. Qxf6 Qb4 30. Qf7# 1-0

[Event "Early-Titled-Tuesday-Blitz-April-16-2024"]
[Site "Chess.com"]
[Date "2024.04.16"]
[Round "10"]
[White "VacheH009"]
[Black "MaxLeto"]
[Result "0-1"]
[WhiteElo "2597"]
[BlackElo "2411"]
[TimeControl "180+1"]
[EndTime "9:59:18 PDT"]
[Termination "MaxLeto won on time"]

1. g4 d5 2. Bg2 Bxg4 3. c4 c6 4. Qb3 Nf6 5. Qxb7 Nbd7 6. cxd5 cxd5 7. d3 e6 8. Nc3 Rb8 9. Qc6 Rb6 10. Qa4 Bd6 11.
Nf3 O-O 12. Qd1 Qb8 13. h3 Bh5 14. d4 Rc8 15. O-O h6 16. Na4 Rbc6 17. Bd2 Bg6 18. Nc3 Qxb2 19. Qc1 Qxc1 20. Rfxc1 Ba3 21. Rf1 Bb2 22. Nb5 Bxa1 23. Nxa7 Bb2 24. Nxc8 Rxc8 0-1

[Event "Early-Titled-Tuesday-Blitz-April-16-2024"]
[Site "Chess.com"]
[Date "2024.04.16"]
[Round "10"]
[White "PonyQueen07"]
[Black "kekic76"]
[Result "0-1"]
[WhiteElo "2207"]
[BlackElo "2343"]
[TimeControl "180+1"]
[EndTime "9:59:20 PDT"]
[Termination "kekic76 won by checkmate"]

1. c4 c5 2. Nc3 Nc6 3. g3 Nf6 4. Bg2 g6 5. e4 Bg7 6. Nge2 O-O 7. O-O d6 8. d3 Bd7 9. h3 Qc8 10. Kh2 a6 11. Be3 Rb8 12. a4 Nb4 13. Qd2 b5 14. axb5 axb5 15. b3 bxc4 16. bxc4 Ra8 17. Rfb1 Rxa1 18. Rxa1 Qc7 19. Bh6 Bxh6 20. Qxh6 Nxd3 21.
f4 Nf2 22. Bf3 Bc6 23. Kg2 N2xe4 24. Nxe4 Bxe4 25. g4 Qc6 26. Ng1 Rb8 27. Ra3 Rb2+ 28. Kg3 Bxf3 29. Nxf3 Ne4+ 30. Kh4 Rb8 31. Ng5 Nxg5 32.
Kxg5 Qg2 33. f5 Qd2+ 34. Kh4 Qxh6+ 35. Kg3 gxf5 36. gxf5 Qg5+ 37. Kf3 Qxf5+ 38. Ke3 Rb2 39. Rd3 Qf2+ 40. Ke4 f5+ 41. Kd5 Rd2 42. Rxd2 Qxd2+ 43. Ke6 f4 44. Kxe7 f3 45. Kd8 f2 46. Kc7 f1=Q 47. Kc6 Qf3+ 48. Kd7 Qf7+ 49. Kc8 Qe3 50. Kb8 Qee8# 0-1

[Event "Early-Titled-Tuesday-Blitz-April-16-2024"]
[Site "Chess.com"]
[Date "2024.04.16"]
[Round "10"]
[White "bazar-wokzal"]
[Black "Gabrielian_Artur"]
[Result "1-0"]
[WhiteElo "2617"]
[BlackElo "2788"]
[TimeControl "180+1"]
[EndTime "9:59:21 PDT"]
[Termination "bazar-wokzal won on time"]

1. e4 c5 2. c3 Nf6 3. e5 Nd5 4. d4 d6 5. Bc4 Nb6 6. Bxf7+ Kxf7 7.
dxc5 Nc6 8. exd6 exd6 9. cxb6 axb6 10. Nf3 h6 11. O-O Be7 12. Bf4 Rf8 13. Bg3 Kg8 14.
Nbd2 d5 15. h3 Bf5 16. Nb3 Be4 17. Nfd4 Qd7 18. f3 Bg6 19. Re1 Rae8 20. Qd2 Bf6 21. Rxe8 Rxe8 22. Re1 Ne5 23. Bxe5 Rxe5 24. Rxe5 Bxe5 25.
Ne2 Qd6 26. Nbd4 Kh7 27. Qe3 Qf6 28. g3 Bc7 29. Kg2 h5 30. h4 Be5 31. Qg5 Qd6 32.
Nf4 Bf7 33. Nxh5 Kg8 34. Nf4 Bxd4 35. cxd4 Qb4 36. Nxd5 Qxb2+ 37. Kh3 Qxd4 38. Ne7+ Kf8 39. Nf5 Qd1 40. Qxg7+ Ke8 41. Qe5+ Kd7 42. Qe7+ Kc6 43. Qxf7 1-0

[Event "Early-Titled-Tuesday-Blitz-April-16-2024"]
[Site "Chess.com"]
[Date "2024.04.16"]
[Round "10"]
[White "M1711"]
[Black "guillembaches"]
[Result "1-0"]
[WhiteElo "2703"]
[BlackElo "2546"]
[TimeControl "180+1"]
[EndTime "9:59:22 PDT"]
[Termination "M1711 won on time"]

1. d4 d5 2. Bf4 c5 3. e3 Nc6 4.
c3 cxd4 5. exd4 Bf5 6. Qb3 Qd7 7.
Nf3 f6 8. Nbd2 g5 9. Be3 e6 10.
Be2 Bd6 11. O-O Nge7 12. c4 h5 13. cxd5 exd5 14. Bd3 Be6 15. Rfe1 h4 16. Bxg5 fxg5 17. Nxg5 Bf7 18. Ndf3 Rh6 19. Re2 Bg8 20. a4 O-O-O 21. a5 Kb8 22. a6 b6 23. Bb5 Rc8 24. Rae1 Nf5 25. Qd3 Bh7 26. Nxh7 Rxh7 27. Re6 Nfe7 28. Qxh7 Rf8 29. Bxc6 Qxc6 30. Rxd6 Qxd6 31. Qxe7 1-0

[Event "Early-Titled-Tuesday-Blitz-April-16-2024"]
[Site "Chess.com"]
[Date "2024.04.16"]
[Round "10"]
[White "Nitzan_Steinberg"]
[Black "LiemLe"]
[Result "0-1"]
[WhiteElo "2911"]
[BlackElo "3048"]
[TimeControl "180+1"]
[EndTime "9:59:25 PDT"]
[Termination "LiemLe won by resignation"]

1. e4 c5 2. Nf3 Nc6 3. Bb5 g6 4. O-O Bg7 5. c3 Nf6 6. Re1 O-O 7. h3 e5 8. d4 cxd4 9. cxd4 exd4 10. Na3 d5 11. exd5 Nxd5 12. Bg5 Qb6 13. Rc1 Ndb4 14. Bc4 Bf5 15. Qd2 Rfe8 16. Bh6 Rad8 17. Qf4 d3 18. Rxe8+ Rxe8 19. Bxf7+ Kxf7 20. Nc4 Nd5 21. Nd6+ Kf8 22. Qg5 Qxb2 23. Nxf5 gxf5 24. Qxf5+ Nf6 25. Rd1 Bxh6 26. Rxd3 Qc1+ 27. Kh2 Qf4+ 28. Qxf4 Bxf4+ 0-1

[Event "Early-Titled-Tuesday-Blitz-April-16-2024"]
[Site "Chess.com"]
[Date "2024.04.16"]
[Round "10"]
[White "NusratAlo"]
[Black "SoCalJuniorChess"]
[Result "0-1"]
[WhiteElo "1899"]
[BlackElo "2189"]
[TimeControl "180+1"]
[EndTime "9:59:25 PDT"]
[Termination "SoCalJuniorChess won by resignation"]

1. e4 d5 2. exd5 Qxd5 3. Nc3 Qd8 4. d4 Nf6 5. h3 c5 6. Nf3 cxd4 7. Nxd4 e5 8. Bb5+ Bd7 9. Nf3 e4 10. Ne5 a6 11. Bc4 Qc7 12. Bxf7+ Ke7 13. Bf4 Qb6 14. O-O Nc6 15. Nc4 Qb4 16. Bd6+ Kxf7 17. Bxb4 Bxb4 18. Nd5 Be6 19. Nxf6 Bxc4 20. Qd7+ Kxf6 21. c3 Bxf1 22. cxb4 Bb5 23. Qxb7 Ra7 24. Qb6 Rb8 25. Qc5 Rd7 26. Qc3+ Nd4 27. Kh2 Rbd8 28. Re1 Bd3 29. Qc5 Rd5 30.
Qb6+ R8d6 31. Qb8 Kf7 32. Qc7+ Rd7 33. Qf4+ Ke8 34. a4 Rf5 35. Qb8+ Ke7 36. Qb6 Rxf2 37. Qc5+ Kf7 38. Qe5 Nf3+ 39. Kg3 Nxe5 40. Kxf2 Rd4 41. Ke3 Rxb4 0-1

[Event "Early-Titled-Tuesday-Blitz-April-16-2024"]
[Site "Chess.com"]
[Date "2024.04.16"]
[Round "10"]
[White "viktorskliarov"]
[Black "VinzentSpitzl"]
[Result "1-0"]
[WhiteElo "2613"]
[BlackElo "2466"]
[TimeControl "180+1"]
[EndTime "9:59:28 PDT"]
[Termination "viktorskliarov won by checkmate"]

1. e4 c5 2. Nf3 d6 3. d4 cxd4 4. Qxd4 Nf6 5. Nc3 Nc6 6. Bb5 Bd7 7. Bxc6 Bxc6 8. Bg5 g6 9. Bxf6 exf6 10. O-O-O Bg7 11. Qxd6 Qxd6 12. Rxd6 O-O 13. Nd5 f5 14. exf5 Bxd5 15.
Rxd5 Rfe8 16. Re1 Rxe1+ 17. Nxe1 Re8 18. Kd1 Bxb2 19. fxg6 hxg6 20. Rd7 Rb8 21. Nd3 Bc3 22. Rc7 Bd4 23. Ke2 a6 24. Rd7 Bc3 25. Rc7 Bd4 26.
c4 b6 27. Kf3 Rd8 28. a4 a5 29. Nf4 Bc5 30. Nd5 Rd6 31. Rc8+ Kg7 32. Re8 Rd7 33. h4 b5 34. Rg8+ Kh6 35. axb5 a4 36. g4 Bd4 37. Ra8 Rd6 38. Rxa4 f5 39. Ra6 Rd8 40. gxf5 Rf8 41.
Rxg6+ Kh5 42. Nf4+ Kxh4 43. Rg4# 1-0

[Event "Early-Titled-Tuesday-Blitz-April-16-2024"]
[Site "Chess.com"]
[Date "2024.04.16"]
[Round "10"]
[White "campochess"]
[Black "bylavochka"]
[Result "0-1"]
[WhiteElo "2216"]
[BlackElo "2351"]
[TimeControl "180+1"]
[EndTime "9:59:28 PDT"]
[Termination "bylavochka won by resignation"]

1. Nf3 Nf6 2. b3 e6 3. Bb2 Be7 4. c4 b6 5. g3 Bb7 6. Bg2 O-O 7. d3 d6 8. e4 Nbd7 9. O-O Re8 10. Nbd2 Nf8 11. Re1 Ng6 12. d4 e5 13. d5 Nd7 14.
b4 a5 15. a3 Bc8 16. Qc2 Nb8 17. Nb3 a4 18. Nc1 Rf8 19. Nd3 f5 20. exf5 Bxf5 21. Qd2 e4 22. Nd4 exd3 23. Nxf5 Rxf5 24. Qxd3 Qf8 25. Be4 Rxf2 26. Bd4 Rf7 27. c5 bxc5 28. bxc5 Nd7 29. c6 Nde5 30. Qc2 Bf6 31. Kh1 Ng4 32.
Bxf6 Rxf6 33. Bg2 N6e5 34. Rf1 Qe7 35. Rxf6 Qxf6 36. Rf1 Qe7 37. Qe2 Rf8 38. Re1 Qf6 39. h3 Nh6 40. Rf1 Qe7 41. Re1 Nf5 42. Kh2 Nd4 43.
Qe4 Ndf3+ 44. Bxf3 Nxf3+ 45. Kg2 Nxe1+ 0-1

[Event "Early-Titled-Tuesday-Blitz-April-16-2024"]
[Site "Chess.com"]
[Date "2024.04.16"]
[Round "10"]
[White "Alexchess1984"]
[Black "Cheer_Down"]
[Result "1-0"]
[WhiteElo "2687"]
[BlackElo "2514"]
[TimeControl "180+1"]
[EndTime "9:59:29 PDT"]
[Termination "Alexchess1984 won by resignation"]

1. e4 e5 2. Nf3 Nc6 3. Bc4 Nf6 4. d4 exd4 5. e5 Ne4 6. O-O Be7 7. Bd5 Nc5 8. Nxd4 Nxd4 9. Qxd4 O-O 10. Nc3 c6 11.
Bf3 d5 12. exd6 Qxd6 13. Qxd6 Bxd6 14. Be3 Re8 15. Rad1 Bf8 16. Rfe1 Bf5 17. Rd2 a5 18. a4 Rad8 19. Red1 Rxd2 20. Rxd2 h6 21. h3 g5 22. g4 Bg6 23. b3 Bg7 24. Ne2 Ne4 25. Bxe4 Bxe4 26. Ng3 Bg6 27. Nf5 Bxf5 28. gxf5 Re5 29. Rd7 b5 30. Rc7 bxa4 31. bxa4 Rxf5 32. Rxc6 Rd5 33. c4 Rd1+ 34. Kg2 f5 35. Rc8+ Kh7 36.
Bb6 h5 37. c5 g4 38. hxg4 hxg4 39. c6 Be5 40. c7 Rc1 41. Re8 Bxc7 42. Re7+ Kg6 43. Rxc7 Ra1 44. Rc4 1-0

[Event "Early-Titled-Tuesday-Blitz-April-16-2024"]
[Site "Chess.com"]
[Date "2024.04.16"]
[Round "10"]
[White "Ramu_K_FM_FT"]
[Black "SaiHanThiha"]
[Result "0-1"]
[WhiteElo "2171"]
[BlackElo "2507"]
[TimeControl "180+1"]
[EndTime "9:59:29 PDT"]
[Termination "SaiHanThiha won by checkmate"]

1. e4 c6 2. d4 d5 3. e5 c5 4.
Nf3 cxd4 5. Nxd4 Nc6 6. Bb5 Bd7 7. Bxc6 bxc6 8. O-O e6 9. f4 c5 10. Nf3 Nh6 11. Nc3 Bc6 12. Bd2 d4 13. Ne2 Nf5 14. Ng3 Nxg3 15. hxg3 h5 16. f5 exf5 17. Ng5 Be7 18.
Rxf5 Qd5 19. Qf1 g6 20. Nxf7 Rf8 21. Nd6+ Bxd6 22. Rxf8+ Bxf8 23. Qf2 O-O-O 24. Re1 Be7 25. Qe2 Rf8 26. Qa6+ Bb7 27. Qe2 c4 28. Bf4 g5 29.
Bd2 d3 30. cxd3 cxd3 31. Qe4 Qxe4 32. Rxe4 Bxe4 33. Kh2 Rf2 34. Be3 Rxg2+ 35. Kh3 g4# 0-1

[Event "Early-Titled-Tuesday-Blitz-April-16-2024"]
[Site "Chess.com"]
[Date "2024.04.16"]
[Round "10"]
[White "Bilan_Danila"]
[Black "David_George21"]
[Result "1-0"]
[WhiteElo "2506"]
[BlackElo "2316"]
[TimeControl "180+1"]
[EndTime "9:59:30 PDT"]
[Termination "Bilan_Danila won by checkmate"]

1. d4 Nf6 2. Nf3 e6 3. g3 c5 4. Bg2 d5 5. O-O Nc6 6. c4 dxc4 7. dxc5 Qxd1 8. Rxd1 Bxc5 9. Nbd2 c3 10. bxc3 O-O 11. Nb3 Be7 12. Bf4 Nd5 13. c4 Nxf4 14. gxf4 a5 15.
Rab1 Rb8 16. Nbd4 Nb4 17. a3 Na6 18. Ne5 Bxa3 19. Nb5 Bb4 20. Nd6 f6 21. Nxc8 fxe5 22. Nb6 Rxf4 23. e3 Rf7 24. Bh3 Nc5 25. Rb2 e4 26.
Bg2 Rbf8 27. Bh3 Nd3 28. Re2 Nxf2 29. Rxf2 Rxf2 30. Bxe6+ Kh8 31. Nd7 h5 32. Nxf8 Rxf8 33. Rd5 a4 34. Rxh5# 1-0

[Event "Early-Titled-Tuesday-Blitz-April-16-2024"]
[Site "Chess.com"]
[Date "2024.04.16"]
[Round "10"]
[White "Zarinur"]
[Black "GelmanAlexander"]
[Result "0-1"]
[WhiteElo "2503"]
[BlackElo "2661"]
[TimeControl "180+1"]
[EndTime "9:59:31 PDT"]
[Termination "GelmanAlexander won by checkmate"]

1. e4 c5 2. Nf3 e6 3. c3 b6 4. d4 Bb7 5. Bd3 Nf6 6. Qe2 d5 7. e5 Nfd7 8. O-O Nc6 9. Be3 Be7 10. Nbd2 Qc7 11. Ne1 O-O-O 12. Ba6 f6 13. f4 f5 14. a4 Bxa6 15. Qxa6+ Qb7 16. Qd3 h6 17. Nc2 g5 18.
Rfc1 Kb8 19. dxc5 bxc5 20. b4 c4 21. Qe2 gxf4 22. Bxf4 Bg5 23. Bg3 f4 24. Bf2 Ncxe5 25. Bd4 Bf6 26. b5 Rhg8 27. Nb4 Ka8 28. Nf3 Nxf3+ 29.
Qxf3 e5 30. Bf2 e4 31. Qxf4 Be5 32. Qe3 Nf6 33. h3 d4 34. cxd4 Bxd4 35. Qf4 e3 36. Bg3 Nh5 37. Qxh6 Rxg3 38. Nc6 Rdg8 39. Qxh5 Rxg2+ 40. Kh1 Qg7 41. Qd5 Rh2+ 42. Kxh2 Qg3+ 43. Kh1 Qxh3# 0-1

[Event "Early-Titled-Tuesday-Blitz-April-16-2024"]
[Site "Chess.com"]
[Date "2024.04.16"]
[Round "10"]
[White "snowlord"]
[Black "Hikaru"]
[Result "0-1"]
[WhiteElo "2974"]
[BlackElo "3269"]
[TimeControl "180+1"]
[EndTime "9:59:33 PDT"]
[Termination "Hikaru won by resignation"]

1. e4 a6 2. h4 e5 3. Bc4 Bc5 4. d3 d6 5. Nc3 Nf6 6. Nge2 Ng4 7. d4 Nxf2 8. Kxf2 exd4 9. Nxd4 Qf6+ 10. Ke3 Nc6 11. Ne2 Bg4 12. c3 O-O-O 13. Rf1 Qxh4 14. Qe1 Qe7 15. Kd2 d5 16. Bxd5 Nxd4 17. Nxd4 c6 18.
Qg3 Qg5+ 19. Kc2 Bd1+ 20. Rxd1 Qxg3 21. Nf5 Qxg2+ 22. Rd2 Qxd2+ 23. Bxd2 cxd5 24. b4 Bf8 25. e5 h5 26. Rf1 g6 27. Nd4 h4 28. Rxf7 h3 29.
Bf4 h2 30. Bxh2 Rxh2+ 31. Kb3 Re8 32. a4 Be7 33. b5 Bc5 34. bxa6 bxa6 35. Nc6 Re6 36.
Nb4 Bxb4 37. Kxb4 Rc6 0-1

[Event "Early-Titled-Tuesday-Blitz-April-16-2024"]
[Site "Chess.com"]
[Date "2024.04.16"]
[Round "10"]
[White "ActorXu"]
[Black "viditchess"]
[Result "1/2-1/2"]
[WhiteElo "2851"]
[BlackElo "3120"]
[TimeControl "180+1"]
[EndTime "9:59:33 PDT"]
[Termination "Game drawn by repetition"]

1. e4 c5 2. Nf3 d6 3. Bb5+ Nd7 4. d4 cxd4 5. Nxd4 Nf6 6. O-O a6 7. Bd3 e6 8. c4 b6 9. Nc3 Bb7 10.
Re1 Be7 11. f3 Qc7 12. Be3 Ne5 13. Rc1 O-O 14. Bf1 Rac8 15. b3 Kh8 16. Qd2 Rg8 17.
Qf2 g5 18. h3 h5 19. Red1 g4 20. hxg4 hxg4 21. f4 g3 22. Qd2 Neg4 23. Bd3 Qc5 24. Nf5 Nxe3 25. Na4 Qc7 26. Nxe7 Nxd1 27. Nxg8 Rxg8 28.
Qxd1 Bc6 29. Nc3 b5 30. Qf3 Qb6+ 31. Kf1 bxc4 32. Bxc4 Qd4 33. Bd3 Ng4 34. Ke2 Nf2 35.
Qh5+ Kg7 36. Qg5+ Kf8 37. Qd8+ Kg7 38. Qg5+ Kf8 39. Qd8+ Kg7 40. Qg5+ 1/2-1/2

[Event "Early-Titled-Tuesday-Blitz-April-16-2024"]
[Site "Chess.com"]
[Date "2024.04.16"]
[Round "10"]
[White "GrotBchess"]
[Black "Gumugama"]
[Result "1-0"]
[WhiteElo "2457"]
[BlackElo "2279"]
[TimeControl "180+1"]
[EndTime "9:59:34 PDT"]
[Termination "GrotBchess won by resignation"]

1. e4 c5 2. Nf3 d6 3. Bb5+ Nd7 4.
c3 Nf6 5. Qe2 g6 6. O-O Bg7 7.
d4 cxd4 8. cxd4 O-O 9. e5 Nd5 10.
e6 N7f6 11. exf7+ Rxf7 12. Nc3 Nxc3 13. bxc3 Bg4 14. h3 Bxf3 15. Qxf3 d5 16. Qe2 Ne4 17.
Bb2 Rc8 18. Rac1 Qa5 19. Bd7 Rcf8 20. Be6 Qxa2 21. Qxe4 Qxb2 22. Qxd5 Bf6 23. Qc4 Kg7 24. Bxf7 Rxf7 25. Rb1 Qd2 26. Rxb7 Bh4 27. Qe6 Rxf2 28. Rxe7+ Kh6 29. Qe3+ Qxe3 30. Rxe3 Rc2 31. Rd3 a5 32. d5 a4 33. d6 a3 34. d7 Bd8 35. c4 a2 36. Ra1 Rb2 37. Rdd1 Bb6+ 38. Kh1 Kg5 39. d8=Q+ Bxd8 40. Rxd8 Rb1+ 41. Rd1 1-0

[Event "Early-Titled-Tuesday-Blitz-April-16-2024"]
[Site "Chess.com"]
[Date "2024.04.16"]
[Round "10"]
[White "GM_dmitrij"]
[Black "chess_sharparchitect"]
[Result "1-0"]
[WhiteElo "2983"]
[BlackElo "2232"]
[TimeControl "180+1"]
[EndTime "9:59:34 PDT"]
[Termination "GM_dmitrij won on time"]

1. Nf3 d5 2. d4 Nf6 3. Bf4 c5 4.
e3 Nc6 5. Nbd2 c4 6. b3 cxb3 7. axb3 e6 8. Bd3 Bb4 9. O-O Bc3 10. Ra2 Bd7 11. Nb1 Bb4 12. c3 Be7 13. b4 a6 14.
Nbd2 O-O 15. h3 Nh5 16. Bh2 Nf6 17. Qb1 h6 18. Nb3 Na7 19. Nc5 Bxc5 20. bxc5 Bb5 21. Rb2 Nd7 22. Nd2 Bxd3 23. Qxd3 Nb5 24. Rfb1 Re8 25.
c4 dxc4 26. Qxc4 Rc8 27. Rxb5 axb5 28. Qxb5 Nxc5 29. Nc4 Ne4 30. Qb4 Rxc4 31. Qxc4 Nd2 32. Qc2 Nxb1 33. Qxb1 Qd5 34. Bg3 b5 35. Kh2 Qc4 36.
Bd6 Qe2 37. Qb4 Ra8 38. Bg3 Qc4 39. Qe7 b4 40. Qb7 Rc8 41. e4 b3 42. d5 exd5 43.
exd5 Rd8 44. d6 Qe6 45. Qc7 Qd7 46. Qb6 Re8 47. Qxb3 Re6 48. Qd5 Kh7 49. Bf4 Rf6 50. g3 Rf5 51. Qd3 g6 52. h4 h5 53. Qd4 Rb5 54.
Qf6 Rf5 55. Qe7 Qb5 56. d7 Qf1 57.
Qe3 Qd1 58. Qe8 1-0

[Event "Early-Titled-Tuesday-Blitz-April-16-2024"]
[Site "Chess.com"]
[Date "2024.04.16"]
[Round "10"]
[White "DonCiao"]
[Black "KorolDimitriy75"]
[Result "0-1"]
[WhiteElo "2070"]
[BlackElo "2311"]
[TimeControl "180+1"]
[EndTime "9:59:36 PDT"]
[Termination "KorolDimitriy75 won on time"]

1. c4 c5 2. g3 g6 3. Bg2 Bg7 4. Nc3 Nc6 5. Nf3 Nh6 6. d4 cxd4 7. Bxh6 Bxh6 8. Nxd4 Bg7 9. e3 O-O 10. O-O Rb8 11. Rc1 Ne5 12. b3 d6 13. Nd5 Re8 14. h3 Bd7 15. f4 Nc6 16. Nf3 Qa5 17.
Qe2 a6 18. e4 b5 19. c5 dxc5 20. Rxc5 e6 21. Ne3 Qb6 22. Rcc1 Nd4 23. Qf2 Nxf3+ 24. Qxf3 Bd4 25. Rfe1 Rbc8 26. Rcd1 Rc3 27. Rxd4 Qxd4 28. Kh2 Rec8 29. Qe2 Rc1 30. Ng4 Rxe1 31. Qxe1 Rc2 32. e5 Bc6 33. Ne3 Rd2 34. Kh1 Bxg2+ 0-1

[Event "Early-Titled-Tuesday-Blitz-April-16-2024"]
[Site "Chess.com"]
[Date "2024.04.16"]
[Round "10"]
[White "francyIM"]
[Black "platy3"]
[Result "1-0"]
[WhiteElo "2823"]
[BlackElo "2902"]
[TimeControl "180+1"]
[EndTime "9:59:39 PDT"]
[Termination "francyIM won by resignation"]

1. Nf3 d5 2. e3 Nf6 3. c4 e6 4. b3 c5 5. Bb2 Nc6 6. g3 d4 7.
exd4 cxd4 8. Bg2 e5 9. O-O Bd6 10. d3 O-O 11. a3 a5 12. Nbd2 Bf5 13. Qe2 h6 14. Ne1 Re8 15. Ne4 Nxe4 16. dxe4 Be6 17.
Nd3 Qb6 18. Qc2 Qa6 19. Rfc1 Rac8 20. Bf1 Bf8 21. b4 Qb6 22. c5 Qd8 23. b5 Nb8 24. a4 Nd7 25. Ba3 Nxc5 26. Bxc5 b6 27. Bxb6 Qxb6 28. Qb2 Bd6 29. Rxc8 Rxc8 30. Rc1 Rxc1 31.
Qxc1 Qc7 32. Qxc7 Bxc7 33. Nb2 Kf8 34. Bc4 Bc8 35. f3 Ke7 36. Kf2 f6 37. Ke2 Kd6 38. Bd5 Kc5 39. Nd3+ Kd6 40. Kd2 f5 41. Bc6 g6 42. f4 exf4 43. e5+ Ke7 44. gxf4 g5 45. Ke2 Be6 46. Kf3 Bb3 47. Nc5 Bd1+ 48. Kg3 Bc2 49.
Kf3 Bb6 50. Nd7 Bc7 51. b6 Bd8 52. b7 Bc7 53. b8=Q Bxb8 54. Nxb8 d3 55. Ke3 gxf4+ 56. Kd2 Ke6 57. Nd7 f3 58. Nc5+ Kxe5 59. Nxd3+ Kd4 60.
Nf2 Be4 61. Bb5 Bd5 62. Nd1 Ke5 63. Ke1 Be4 64. Kf2 Kf4 65. Nc3 Ke5 66. Nxe4 fxe4 67.
Ke3 Kf5 68. Bc6 Kg4 69. Bxe4 Kh3 70. Kxf3 Kxh2 71. Kf2 Kh3 72. Kf3 h5 73. Kf4 h4 74.
Kg5 Kg3 75. Kf5 h3 76. Ke5 Kg4 77. Kd5 Kf4 78. Bh1 Ke3 79. Kc5 1-0

[Event "Early-Titled-Tuesday-Blitz-April-16-2024"]
[Site "Chess.com"]
[Date "2024.04.16"]
[Round "10"]
[White "BenchGM"]
[Black "Kotofeyca"]
[Result "0-1"]
[WhiteElo "2312"]
[BlackElo "2476"]
[TimeControl "180+1"]
[EndTime "9:59:40 PDT"]
[Termination "Kotofeyca won on time"]

1. e4 c5 2. Nf3 d6 3. d4 cxd4 4. Nxd4 Nf6 5. Nc3 a6 6. Rg1 b5 7. a4 b4 8. Nd5 Nxe4 9. Qf3 Nc5 10.
c3 Bb7 11. cxb4 e6 12. bxc5 Bxd5 13. Qe3 dxc5 14. Nf5 Nc6 15. Bd2 Qb8 16. Bc3 Qxh2 17. f3 Nb4 18. O-O-O Na2+ 19. Kc2 Nxc3 20. bxc3 g6 21. Rxd5 gxf5 22. Bc4 Bh6 23. Qxc5 exd5 24. Re1+ Kd7 25. Re7+ Kd8 26. Rxf7 Qxg2+ 27. Kb1 Rb8+ 28.
Bb5 Qg1+ 29. Qxg1 axb5 30. Qc5 bxa4+ 0-1

[Event "Early-Titled-Tuesday-Blitz-April-16-2024"]
[Site "Chess.com"]
[Date "2024.04.16"]
[Round "10"]
[White "DanyKopy"]
[Black "Harry_Rakkel"]
[Result "0-1"]
[WhiteElo "2524"]
[BlackElo "2723"]
[TimeControl "180+1"]
[EndTime "9:59:45 PDT"]
[Termination "Harry_Rakkel won by checkmate"]

1. e4 g6 2. d4 Bg7 3. Nc3 d6 4.
Be3 a6 5. Qd2 b5 6. Nf3 Nd7 7.
Bd3 c5 8. dxc5 dxc5 9. O-O Bb7 10. Rfe1 Qc7 11. a4 b4 12. Nd5 Bxd5 13. exd5 Bxb2 14.
Bf4 Qb7 15. d6 Bxa1 16. Rxa1 e6 17. Ne5 Ngf6 18. Re1 Qd5 19. Qe2 O-O 20. Nxd7 Nxd7 21. Be4 Qd4 22. Rd1 Qf6 23. Bxa8 Rxa8 24. Qe4 Rd8 25.
g3 Kf8 26. Qb7 g5 27. Be3 Ke8 28. Qxa6 h5 29. Qb7 Rb8 30. Qc6 g4 31. a5 Qf3 32.
Qxf3 gxf3 33. a6 Ra8 34. Ra1 c4 35. a7 Ne5 36. Ra6 Kd7 37. Kf1 Nc6 38. Ke1 Kxd6 39. Kd2 e5 40. Rb6 f5 41. Rb7 f4 42. gxf4 exf4 43.
Bxf4+ Kd5 44. Be3 c3+ 45. Kd3 Ne5# 0-1

[Event "Early-Titled-Tuesday-Blitz-April-16-2024"]
[Site "Chess.com"]
[Date "2024.04.16"]
[Round "10"]
[White "Eloist"]
[Black "Massakru"]
[Result "0-1"]
[WhiteElo "2470"]
[BlackElo "2377"]
[TimeControl "180+1"]
[EndTime "9:59:46 PDT"]
[Termination "Massakru won on time"]

1. e4 e5 2. Bc4 Nf6 3. d3 Nc6 4. Nf3 h6 5. O-O d6 6. c3 Be7 7.
Re1 g5 8. a4 g4 9. Nfd2 a6 10.
Nf1 h5 11. Bg5 Be6 12. Bxe6 fxe6 13. d4 Qd7 14. Bxf6 Bxf6 15. d5 Ne7 16. Ne3 O-O-O 17. c4 Bg5 18. Nc3 Bxe3 19. Rxe3 Rdf8 20. b4 Ng6 21. c5 Qf7 22. Ra2 exd5 23. Nxd5 Nf4 24. cxd6 cxd6 25. Rc3+ Kb8 26. Rc7 Qe6 27. b5 Rf7 28. Rxf7 Qxf7 29. bxa6 Nxd5 30. exd5 Rc8 31. Rb2 Rc7 32. g3 Ka8 33. Qd3 e4 34. axb7+ Kb8 35. Qxe4 Re7 36. Qb1 Qxd5 37. a5 Qxa5 38. Rb4 Qd5 0-1